 Dungeon Crawl Stone Soup version 0.13-a0-2712-g07f05f3 (webtiles) character file.

208836 JacquesDerrida the Sniper (level 19, -13/100 HPs)
             Began as a Tengu Hunter on Aug 15, 2013.
             Was the Champion of Okawaru.
             Killed from afar by Sojobo (54 damage)
             ... with a bolt of lightning
             ... on Level 23 of the Dungeon on Aug 16, 2013.
             The game lasted 04:20:18 (52204 turns).

JacquesDerrida the Sniper (Tengu Hunter)           Turns: 52204, Time: 04:20:19

HP -13/100       AC 22     Str 16      XL: 19   Next: 16%
MP  27/36        EV 23     Int 18      God: Okawaru [******]
Gold 1965        SH  0     Dex 20      Spells:  7 memorised, 21 levels left

Res.Fire  : + + .   See Invis. : +   b - +5,+7 crossbow (flame)
Res.Cold  : + . .   Warding    : .   E - +3 leather armour "Aded Sou" {rC+ Dex+1}
Life Prot.: . . .   Conserve   : +   (no shield)
Res.Poison: +       Res.Corr.  : +   W - +2 orc wizard hat {Int+3}
Res.Elec. : .       Clarity    : .   v - +2 elf cloak {rCorr, Cons}
Sust.Abil.: . .     Spirit.Shd : .   J - +2 pair of dwarf gauntlets {Dex+3}
Res.Mut.  : .       Stasis     : .   (boots unavailable)
Res.Rott. : .       Flight     : .   O - amulet of faith
Saprovore : . . .                    V - +5 ring of protection
                                     r - ring "Xaudaema" {rPois rF++}

@: repel missiles, very slightly contaminated, hasted, heroism, very quick,
somewhat resistant to hostile enchantments, fairly stealthy
A: able to fly continuously, beak, talons 3, see invisible
a: Fly, Heroism, Finesse, Renounce Religion


You were on level 23 of the Dungeon.
You worshipped Okawaru.
Okawaru was exalted by your worship.
You were not hungry.

You visited 4 branches of the dungeon, and saw 37 of its levels.
You visited 2 bazaars.

You collected 3623 gold pieces.
You spent 1678 gold pieces at shops.

Inventory:

Hand weapons
 a - the cursed +0,+5 mace of Saltpetre {flame, +Inv rElec rC+ Stlth--}
   (You found it on level 4 of the Lair of Beasts)

   It emits flame when wielded, causing extra injury to most foes and up to
   double damage against particularly susceptible opponents.
   It protects you from cold.
   It insulates you from electricity.
   It lets you turn invisible.
   It makes you much less stealthy.
   It has a curse placed upon it.
 b - a +5,+7 crossbow of flame (weapon)
 e - a +5,+3 demon trident of distortion
Missiles
 c - 22 bolts (quivered)
 C - 10 bolts of frost
 G - 24 steel bolts
 Q - 22 bolts of flame
Armour
 v - a +2 elven cloak of preservation (worn)
 z - the cursed +1 cloak of the Sea {rF+ rC+}
   (Okawaru gifted it to you on level 22 of the Dungeon)

   It protects you from fire.
   It protects you from cold.
   It has a curse placed upon it.
 E - the +3 leather armour "Aded Sou" (worn) {rC+ Dex+1}
   (Okawaru gifted it to you on level 20 of the Dungeon)

   It affects your dexterity (+1).
   It protects you from cold.
 J - a +2 pair of dwarven gauntlets of dexterity (worn)
 W - a +2 orcish wizard hat of intelligence (worn)
Magical devices
 g - a wand of invisibility (1)
 n - a wand of fireball (5)
 w - a wand of digging (10)
 x - a wand of teleportation (2)
 A - a wand of disintegration (14)
 D - a wand of teleportation (2)
Comestibles
 f - 2 bread rations
Scrolls
 i - a scroll of identify
 p - a scroll of fear
 t - 3 scrolls of remove curse
 y - a scroll of blinking
 F - 5 scrolls of teleportation
 P - 4 scrolls of fog
 Z - 2 scrolls of vulnerability
Jewellery
 r - the ring "Xaudaema" (left hand) {rPois rF++}
   (You bought it in a shop in a bazaar)

   [ring of poison resistance]

   It greatly protects you from fire.
 H - a cursed amulet of resist mutation
 O - an amulet of faith (around neck)
 V - a +5 ring of protection (right hand)
Potions
 h - a potion of curing
 m - 2 potions of restore abilities
 q - 2 potions of heal wounds
 B - 2 potions of brilliance
 I - a potion of speed
Miscellaneous
 d - a phial of floods


   Skills:
 - Level 5.0(10.0) Fighting
 - Level 21.9(26.9) Crossbows
 - Level 11.5(16.5) Armour
 - Level 8.4(13.4) Dodging
 - Level 1.0(6.0) Stealth
 - Level 11.0 Spellcasting
 - Level 12.0 Charms
 * Level 17.1 Air Magic


You had 21 spell levels left.
You knew the following spells:

 Your Spells              Type           Power        Failure   Level  Hunger
a - Swiftness             Chrm/Air       ######....   1%          2    None
b - Freezing Aura         Chrm/Ice       ####......   1%          2    None
c - Haste                 Chrm           ######..     10%         6    ######.
d - Blink                 Tloc           N/A          12%         2    None
e - Fire Brand            Chrm/Fire      ####......   1%          2    None
f - Repel Missiles        Chrm/Air       ######....   1%          2    None
g - Regeneration          Chrm/Necr      ####......   1%          3    None


Dungeon Overview and Level Annotations

Branches:
Dungeon (23/27)            Temple (0/1) D:6             Orc (4/4) D:9
    Elf (0/3) Orc:4          Lair (8/8) D:11          Swamp (0/5) Lair:5
 Spider (0/5) Lair:3        Slime (0/6) Lair:8       Vaults (2/5) D:19
  Crypt: Vaults:2-3  Forest: Vaults:2-3

Altars:
Ashenzari
Fedhas
Makhleb
Nemelex Xobeh
Okawaru
Sif Muna
Trog
Xom
Yredelemnul
Zin
the Shining One
Beogh

Shops:
D:5: [ D:6: = D:15: [ D:18: *+ Orc:4: ++=?= Vaults:1: [

Portals:
Hell: D:21 D:22
Pandemonium: D:21 D:22
Ziggurat: D:16 (3130 gp)

Annotations
D:23 Sojobo


Innate Abilities, Weirdness & Mutations

You can fly continuously.
You have a beak for a mouth.
You have claws for feet.
You have supernaturally acute eyesight.


Message History

Aim: Sojobo, wielding a great sword of electrocution and wearing a glowing scale mail (moderately wounded, deflecting missiles)
You shoot a bolt. The bolt of flame hits Sojobo.
Sojobo is heavily wounded.
Firing (i - inventory. (,) - cycle):
c - 24 bolts (quivered)
Press: ? - help, Shift-Dir - straight line, f/p - Sojobo
Aim: Sojobo, wielding a great sword of electrocution and wearing a glowing scale mail (heavily wounded, deflecting missiles)
You shoot a bolt.
Sojobo deflects the bolt of flame!
Firing (i - inventory. (,) - cycle):
c - 23 bolts (quivered)
Press: ? - help, Shift-Dir - straight line, f/p - Sojobo
Aim: Sojobo, wielding a great sword of electrocution and wearing a glowing scale mail (heavily wounded, deflecting missiles)
You shoot a bolt.
Sojobo deflects the bolt of flame!
Sojobo waves his feathered arms in wide circles.
The air twists around and strikes you!
There is an open door here.
Evoke which item? (* to show all) (? for menu, Esc to quit)
Okay, then.
Sojobo casts a spell at you. The bolt of lightning hits you!
Ouch! That really hurt!
You die...

*,,,#....(......#....#
*,,,#.(.........#....#
############%.(.........#.#.#**
#.........(...#'##......#....,*
#.....)<..(H.(+..#.......##...*
#..%.[).......#..#.....#...#..*
#.....(.......#..'.........,..#
##.............#..#.....#+##+****
..##'####'###+##@.##+##....,,,,,*
..#%(...(..H...'......#....,,,,,*
..'(.......H...#......#...,,,,,,*
..#............#......+,.,,,,,,,*
..#............#......#,,,,,,,,,*
..#####################,,,,,,,,,*
### ***********


You could see Sojobo and a tengu reaver.

Vanquished Creatures
  A greater mummy (D:22)
  Saint Roka (D:18)
  Margery (D:22)
  Mennas (D:22)
  Xtahua (D:20)
  Frederick (D:22)
  A sphinx (D:18)
  Agnes (D:17)
  Frances (D:20)
  A fire giant (D:22)
  A vault warden (Vaults:1)
  Wiglaf (D:22)
  Louise (D:17)
  An orc warlord (Orc:4)
  Jorgrun (D:22)
  2 stone giants
  2 ettins (D:22)
  11 yaktaur captains
  6 dragons
  An ice dragon (D:22)
  A great orb of eyes (D:22)
  14 hydras
  The ghost of zermakorobin the Martial Artist, a powerful GrFi of Cheibriados (Orc:3)
  Josephine (Orc:4)
  4 ogre magi
  Nessos (D:17)
  Erica (D:13)
  A deep troll shaman (D:22)
  2 deep troll earth magi (D:22)
  5 orc high priests (Orc:4)
  3 death yaks (Lair:8)
  15 centaur warriors
  2 sun demons
  The ghost of M4edhros the Prestidigitator, an experienced OpAr of Okawaru (D:8)
  3 catoblepae
  2 very ugly things (D:23)
  A storm dragon zombie (D:22)
  A water nymph (shapeshifter) (D:21)
  4 deep trolls
  5 skeletal warriors (D:16)
  A flayed ghost (D:21)
  3 hell knights (D:22)
  2 unseen horrors
  A storm dragon skeleton (Vaults:1)
  18 hill giants
  A giant amoeba (D:22)
  A swamp dragon (D:20)
  2 lindwurms (Lair:8)
  Pikel (D:9)
  A necromancer (D:22)
  2 shadow dragon zombies (D:22)
  2 ironbrand convokers (Vaults:1)
  2 wizards
  17 orc knights
  2 wolf spider zombies
  2 red wasps
  6 stone giant zombies
  11 cyclopes
  8 griffons
  2 orc sorcerers
  6 elephants
  5 wolf spiders
  A stone golem (D:15)
  A frost giant skeleton (Vaults:1)
  A fire giant skeleton (D:22)
  7 spiny worms (Lair:8)
  7 stone giant skeletons
  A vault sentinel (Vaults:2)
  An orange demon (D:18)
  4 black mambas
  A queen ant (Lair:5)
  6 fire drakes
  10 spiny frogs
  An iron troll zombie (D:22)
  A mermaid (shapeshifter) (D:18)
  13 komodo dragons
  3 guardian mummies (D:22)
  2 blue devils
  A jumping spider (shapeshifter) (D:17)
  20 yaktaurs
  4 giant fireflies (Lair:8)
  A troll (shapeshifter) (D:17)
  A komodo dragon (shapeshifter) (D:15)
  Sonja (Orc:4)
  An iron devil (D:22)
  15 trolls
  5 two-headed ogres
  A queen bee (shapeshifter) (D:17)
  46 slime creatures
  12 blink frogs
  3 giant leeches (Lair:8)
  A jumping spider (Lair:3)
  A hydra skeleton (D:8)
  A red wasp zombie (D:14)
  4 boulder beetles
  3 ettin zombies (D:22)
  7 basilisks
  2 wraiths
  5 trapdoor spiders
  3 griffon skeletons
  3 shadows
  An ettin skeleton (D:22)
  3 vampires
  An air elemental (D:22)
  82 ugly things
  60 yaks
  5 wyverns
  6 deep elf fighters
  2 elephant slugs (Lair:8)
  A spiny worm zombie (D:16)
  2 hill giant zombies
  A hog (shapeshifter) (D:22)
  Grum (D:8)
  A hill giant skeleton (D:16)
  13 wolves
  The ghost of SkaryMonk the Poker, an average LOSk (D:4)
  16 hippogriffs
  2 hungry ghosts
  20 vampire mosquitoes
  6 rock worms
  A mottled dragon (Vaults:1)
  Edmund (D:9)
  3 deep troll zombies (D:22)
  8 manticores
  A neqoxec (D:22)
  4 hell hounds
  7 porcupines
  4 freezing wraiths
  2 necrophages
  9 soldier ants
  2 phantoms
  2 slaves (D:9)
  A deep troll skeleton (D:23)
  3 sky beasts
  A yellow wasp (D:11)
  A blink frog zombie (D:11)
  50 orc warriors
  5 ice beasts
  18 centaurs
  3 boring beetles
  20 ogres
  11 crocodiles
  9 wargs
  3 big kobolds
  4 brain worms
  2 rotting devils
  A yaktaur zombie (D:14)
  A giant slug zombie (D:20)
  21 giant frogs
  11 giant slugs
  9 agate snails
  A cyclops zombie (D:10)
  10 water moccasins
  A yaktaur skeleton (D:18)
  A cyclops skeleton (D:14)
  A hippogriff zombie (D:13)
  3 boulder beetle zombies
  12 killer bees
  An eye of draining (D:13)
  A rock worm zombie (D:13)
  4 wights (D:16)
  3 quasits
  A wyvern simulacrum (D:12)
  9 crimson imps
  3 goliath beetles
  6 jellies
  A spider (Lair:3)
  An iron imp (D:22)
  32 orc priests
  A basilisk zombie (D:14)
  24 hounds
  3 giant frog skeletons
  34 orc wizards
  3 scorpions
  A giant frog zombie (D:12)
  A gnoll shaman (Orc:4)
  A two-headed ogre skeleton (D:11)
  11 iguanas
  22 worker ants
  A boulder beetle simulacrum (D:15)
  A shapeshifter simulacrum (D:17)
  22 sheep
  Jessica (D:2)
  A killer bee zombie (D:8)
  A mottled dragon zombie (D:9)
  6 boggarts
  An ogre skeleton (D:5)
  8 mummies
  An ogre simulacrum (Orc:4)
  27 adders
  5 gnolls
  2 orc zombies
  5 giant centipedes
  61 green rats
  17 worms
  A worm (shapeshifter) (D:18)
  5 giant mites
  An ufetubus (D:22)
  An adder skeleton (D:5)
  An iguana zombie (D:6)
  5 giant eyeballs
  An iguana skeleton (D:9)
  14 giant geckos
  2 oozes (Lair:8)
  135 orcs
  24 bats
  A bat skeleton (D:6)
  3 giant cockroaches
  22 goblins
  18 hobgoblins
  37 jackals
  A ball python (D:1)
  2 ball python skeletons (D:4)
  5 giant newts
  2 giant spores
  28 kobolds
  4 orc skeletons
  11 quokkas
  41 rats
  6 ballistomycetes
  A plant (Lair:8)
1568 creatures vanquished.

Vanquished Creatures (collateral kills)
  A jelly (Lair:8)
  An ooze (Lair:8)
2 creatures vanquished.

Vanquished Creatures (others)
  A mermaid (shapeshifter) (D:20)
  A water elemental (Lair:8)
  An ogre (D:21)
  An agate snail (D:20)
  An adder (D:9)
  An orc (D:9)
  A giant spore (D:12)
  11 fungi
  7 plants
25 creatures vanquished.

Grand Total: 1595 creatures vanquished

Notes
Turn   | Place    | Note
--------------------------------------------------------------
     0 | D:1      | JacquesDerrida, the Tengu Hunter, began the quest for the Orb.
     0 | D:1      | Reached XP level 1. HP: 12/12 MP: 0/0
   104 | D:1      | Reached XP level 2. HP: 17/17 MP: 2/2
   315 | D:1      | Reached skill level 5 in Crossbows
   910 | D:2      | Reached XP level 3. HP: 11/21 MP: 3/3
  1228 | D:2      | Reached skill level 6 in Crossbows
  1228 | D:2      | Reached XP level 4. HP: 26/26 MP: 4/4
  1256 | D:2      | Noticed Jessica
  1269 | D:2      | Killed Jessica
  1754 | D:3      | Reached XP level 5. HP: 28/30 MP: 6/6
  2147 | D:3      | Reached skill level 7 in Crossbows
  3029 | D:4      | Reached XP level 6. HP: 17/35 MP: 7/7
  3266 | D:4      | Reached skill level 8 in Crossbows
  3490 | D:4      | Noticed SkaryMonk's ghost (average LOSk)
  3507 | D:4      | Killed SkaryMonk's ghost
  3507 | D:4      | Reached XP level 7. HP: 39/39 MP: 8/8
  3543 | D:4      | Learned a level 2 spell: Swiftness
  3549 | D:4      | Reached skill level 9 in Crossbows
  3618 | D:4      | Paralysed by a giant eyeball for 2 turns
  3734 | D:4      | Reached skill level 1 in Spellcasting
  3734 | D:4      | Reached skill level 1 in Charms
  3900 | D:4      | Got an ancient whip
  3903 | D:4      | Identified the cursed whip of Indomitability {slash, MR++} (You found it on level 4 of the Dungeon)
  4232 | D:4      | Found a shattered altar of Ashenzari.
  4234 | D:4      | Noticed an ogre
  4264 | D:4      | Killed an ogre
  4304 | D:4      | Found a shimmering altar of Xom.
  4307 | D:4      | Found an iron altar of Okawaru.
  4308 | D:4      | Found a burning altar of Makhleb.
  4308 | D:4      | Found a sparkling altar of Nemelex Xobeh.
  4308 | D:4      | Found a glowing silver altar of Zin.
  4309 | D:4      | Found a blossoming altar of Fedhas.
  4309 | D:4      | Found a bloodstained altar of Trog.
  4344 | D:4      | Became a worshipper of Warmaster Okawaru
  4548 | D:5      | Entered Level 5 of the Dungeon
  4560 | D:5      | Reached XP level 8. HP: 42/44 MP: 12/14
  4586 | D:5      | Found Stasmaif's Antique Armour Shoppe.
  4715 | D:5      | Reached skill level 10 in Crossbows
  4786 | D:5      | Acquired Okawaru's first power
  5334 | D:6      | Found Gidwaul's Jewellery Boutique.
  5591 | D:6      | Paralysed by a giant eyeball for 4 turns
  5619 | D:6      | Found a basalt altar of Yredelemnul.
  5679 | D:6      | Found a staircase to the Ecumenical Temple.
  5933 | D:6      | Reached skill level 11 in Crossbows
  5977 | D:6      | Reached XP level 9. HP: 28/48 MP: 18/18
  6487 | D:7      | Paralysed by a giant eyeball for 2 turns
  6912 | D:7      | Reached skill level 12 in Crossbows
  7079 | D:7      | Reached skill level 1 in Air Magic
  7281 | D:8      | Noticed M4edhros' ghost (experienced OpAr)
  7299 | D:8      | Killed M4edhros' ghost
  7299 | D:8      | Received a gift from Okawaru
  7299 | D:8      | Reached XP level 10. HP: 47/53 MP: 16/20
  7496 | D:8      | Found a glowing golden altar of the Shining One.
  7499 | D:8      | Noticed Grum
  7515 | D:8      | Reached skill level 13 in Crossbows
  7523 | D:8      | Killed Grum
  8184 | D:8      | Reached skill level 5 in Spellcasting
  8526 | D:9      | Noticed Pikel
  8549 | D:9      | Killed Pikel
  8646 | D:9      | Reached skill level 5 in Charms
  8757 | D:9      | Received a gift from Okawaru
  8911 | D:9      | Found a staircase to the Orcish Mines.
  9012 | D:9      | Noticed Edmund
  9023 | D:9      | Killed Edmund
  9023 | D:9      | Reached skill level 14 in Crossbows
  9178 | D:10     | Entered Level 10 of the Dungeon
  9352 | D:10     | Acquired Okawaru's second power
  9352 | D:10     | Received a gift from Okawaru
  9526 | D:10     | Reached XP level 11. HP: 48/57 MP: 23/23
  9610 | D:10     | Paralysed by a giant eyeball for 4 turns
  9875 | D:10     | Received a gift from Okawaru
 10166 | D:11     | Reached skill level 15 in Crossbows
 10437 | D:11     | Received a gift from Okawaru
 10961 | D:11     | Received a gift from Okawaru
 10993 | D:11     | Received a gift from Okawaru
 11038 | D:11     | Found a staircase to the Lair.
 11430 | Lair:1   | Entered Level 1 of the Lair of Beasts
 11583 | Lair:1   | Gained mutation: You are partially covered in molten scales (AC +1). [potion of beneficial mutation]
 11637 | Lair:1   | Reached skill level 16 in Crossbows
 11910 | Lair:1   | Identified the Almanac of the Snowflakes
 11914 | Lair:1   | Learned a level 2 spell: Freezing Aura
 11927 | Lair:1   | Noticed a six-headed hydra
 12003 | Lair:1   | Received a gift from Okawaru
 12013 | Lair:1   | Killed a six-headed hydra
 12017 | Lair:1   | Received a gift from Okawaru
 12747 | Lair:1   | Reached skill level 17 in Crossbows
 12975 | Lair:1   | Reached XP level 12. HP: 38/62 MP: 25/25
 13177 | Lair:1   | Received a gift from Okawaru
 13875 | Lair:1   | Noticed a five-headed hydra
 13912 | Lair:1   | Killed a five-headed hydra
 14242 | Lair:2   | Reached skill level 18 in Crossbows
 16953 | Lair:3   | Identified a +1 elven cloak of preservation (You found it on level 3 of the Lair of Beasts)
 17262 | Lair:3   | Received a gift from Okawaru
 17356 | Lair:3   | Received a gift from Okawaru
 17543 | Lair:3   | Found a hole to the Spider Nest.
 17742 | Lair:4   | Got a pitted mace
 17743 | Lair:4   | Identified the +0,+5 mace of Saltpetre {flame, +Inv rElec rC+ Stlth--} (You found it on level 4 of the Lair of Beasts)
 17940 | Lair:4   | Reached skill level 5 in Dodging
 18317 | Lair:4   | Reached skill level 1 in Armour
 18820 | Lair:5   | Found a staircase to the Swamp.
 19157 | Lair:5   | Reached XP level 13. HP: 67/70 MP: 25/25
 19633 | Lair:5   | Got a warped whip
 19634 | Lair:5   | Identified the +6,+3 whip "Kliol" {slash, +Inv rF- Str+1 SInv} (You found it on level 5 of the Lair of Beasts)
 19797 | Lair:5   | Paralysed by a potion of paralysis for 2 turns
 20465 | Lair:5   | Noticed an eight-headed hydra
 20473 | Lair:5   | Killed an eight-headed hydra
 20845 | Lair:5   | Received a gift from Okawaru
 21031 | Lair:6   | Identified a scroll of acquirement
 21034 | Lair:6   | Got a pair of brightly glowing gloves
 21035 | Lair:6   | Identified the +0 pair of gloves of Twuwn {Str-4 Int-4} (You acquired it on level 6 of the Lair of Beasts)
 21115 | Lair:6   | Gained mutation: Your muscles are strong, but stiff (Str +1, Dex -1). [potion of mutation]
 21115 | Lair:6   | Gained mutation: You are dopey (Int -1). [potion of mutation]
 21115 | Lair:6   | Gained mutation: You have supernaturally acute eyesight. [potion of mutation]
 21379 | Lair:6   | Got a bloodstained chain mail
 21380 | Lair:6   | Identified the cursed -3 chain mail "Shrudor" {Dam+5} (You found it on level 6 of the Lair of Beasts)
 21491 | Lair:6   | Received a gift from Okawaru
 22005 | Lair:6   | Received a gift from Okawaru
 22496 | Lair:7   | Learned a level 6 spell: Haste
 22771 | Lair:8   | Entered Level 8 of the Lair of Beasts
 22828 | Lair:8   | Found an iron altar of Okawaru.
 23126 | Lair:8   | Lost mutation: You are dopey (Int -1). [potion of cure mutation]
 23126 | Lair:8   | Lost mutation: You are partially covered in molten scales (AC +1). [potion of cure mutation]
 23126 | Lair:8   | Lost mutation: Your muscles are strong, but stiff (Str +1, Dex -1). [potion of cure mutation]
 23351 | Lair:8   | Received a gift from Okawaru
 23498 | Lair:8   | Found a staircase to the Slime Pits.
 23765 | Lair:8   | Reached XP level 14. HP: 76/76 MP: 27/27
 24511 | Lair:8   | Reached skill level 10 in Charms
 25558 | Lair:8   | Received a gift from Okawaru
 26449 | Lair:8   | Found a burning altar of Makhleb.
 27177 | D:12     | Received a gift from Okawaru
 27961 | D:13     | Found a flickering gateway to a bazaar.
 27968 | Bazaar   | Entered a bazaar
 27968 | Bazaar   | Found Zilushya's Antique Armour Shop.
 27968 | Bazaar   | Found Thethia's Assorted Antiques.
 27977 | Bazaar   | Bought a wavering amber ring for 575 gold pieces
 27982 | Bazaar   | Bought a dyed leather armour for 50 gold pieces
 27982 | Bazaar   | Bought a dyed leather armour for 50 gold pieces
 28006 | Bazaar   | Identified the ring "Xaudaema" {rPois rF++} (You bought it in a shop in a bazaar)
 28616 | D:13     | Noticed Erica
 28628 | D:13     | Killed Erica
 28679 | D:13     | Reached skill level 19 in Crossbows
 28737 | D:13     | Reached XP level 15. HP: 80/80 MP: 27/28
 29032 | D:13     | Got a dazzling long sword
 29033 | D:13     | Identified the -4,+5 long sword "Killer Bee's Foe" {slice, rElec} (You found it on level 13 of the Dungeon)
 29129 | D:14     | Entered Level 14 of the Dungeon
 29169 | D:14     | Received a gift from Okawaru
 29608 | D:14     | Upgraded the game from 0.13-a0-2700-g8dc4729 to 0.13-a0-2712-g07f05f3
 29822 | D:14     | Learned a level 2 spell: Blink
 29936 | D:14     | Reached skill level 5 in Air Magic
 30153 | D:14     | Received a gift from Okawaru
 30310 | D:14     | Got an iridescent short sword
 30311 | D:14     | Identified the cursed +3,+2 short sword "Batsadye" {freeze, rF+} (You found it on level 14 of the Dungeon)
 30548 | D:15     | Entered Level 15 of the Dungeon
 31277 | D:15     | Found Ygolohy's Armour Shoppe.
 32296 | D:16     | Reached skill level 5 in Armour
 32347 | D:16     | Received a gift from Okawaru
 32413 | D:16     | Found a gateway to a ziggurat.
 32634 | D:17     | HP: 4/80 [white ugly thing (10)]
 33072 | D:17     | Found a blossoming altar of Fedhas.
 33082 | D:17     | Noticed Louise
 33094 | D:17     | Noticed Agnes
 33102 | D:17     | Killed Louise
 33102 | D:17     | Received a gift from Okawaru
 33102 | D:17     | Reached XP level 16. HP: 82/85 MP: 20/31
 33110 | D:17     | Killed Agnes
 33137 | D:17     | Got an ichor-stained crossbow {god gift}
 33157 | D:17     | Identified the crossbow "Kahih" {god gift, penet, SInv} (Okawaru gifted it to you on level 17 of the Dungeon)
 33527 | D:17     | Noticed Nessos
 33573 | D:17     | Killed Nessos
 33686 | D:17     | Reached skill level 10 in Armour
 33749 | D:17     | Received a gift from Okawaru
 33754 | D:17     | Got a warped ring mail {god gift}
 33757 | D:17     | Identified the +4 ring mail of the Townfolk {Stlth+} (Okawaru gifted it to you on level 17 of the Dungeon)
 33873 | D:17     | Found a deep blue altar of Sif Muna.
 34350 | D:18     | Found Uzas Asu's General Store.
 34825 | D:18     | Noticed Saint Roka
 34859 | D:18     | Killed Saint Roka
 35013 | D:18     | Reached skill level 20 in Crossbows
 35362 | D:18     | Found Satsil's Book Shop.
 35729 | D:18     | Noticed a sphinx
 35732 | D:18     | Paralysed by a sphinx for 6 turns
 35748 | D:18     | Paralysed by a sphinx for 3 turns
 35753 | D:18     | Killed a sphinx
 35753 | D:18     | Received a gift from Okawaru
 35822 | D:18     | Received a gift from Okawaru
 36250 | D:19     | Received a gift from Okawaru
 36383 | D:19     | Found a bloodstained altar of Trog.
 36844 | D:19     | Received a gift from Okawaru
 36946 | D:19     | Found a staircase to the Vaults.
 37038 | Vaults:1 | Entered Level 1 of the Vaults
 37107 | Vaults:1 | Reached skill level 21 in Crossbows
 37449 | Vaults:1 | Reached XP level 17. HP: 89/89 MP: 32/32
 38094 | Vaults:1 | Received a gift from Okawaru
 38233 | Vaults:1 | Found Lamaarebb's Armour Emporium.
 40686 | Orc:1    | Entered Level 1 of the Orcish Mines
 40854 | Orc:3    | Noticed zermakorobin's ghost (powerful GrFi)
 40891 | Orc:3    | Killed zermakorobin's ghost
 41168 | Orc:4    | Entered Level 4 of the Orcish Mines
 41833 | Orc:4    | Found a staircase to the Elven Halls.
 41873 | Orc:4    | Reached skill level 5 in Fighting
 41992 | Orc:4    | Received a gift from Okawaru
 42422 | Orc:4    | Found Aluxuala's Jewellery Shoppe.
 42422 | Orc:4    | Found Raenoena's Book Emporium.
 42422 | Orc:4    | Found Vumaack's Magic Scroll Emporium.
 42424 | Orc:4    | Found Varo Ske's Book Emporium.
 42451 | Orc:4    | Bought a scroll of enchant weapon II for 71 gold pieces
 42457 | Orc:4    | Bought a book of War Chants for 680 gold pieces
 42462 | Orc:4    | Learned a level 2 spell: Fire Brand
 42465 | Orc:4    | Learned a level 2 spell: Repel Missiles
 42469 | Orc:4    | Learned a level 3 spell: Regeneration
 42552 | Orc:4    | Found Shaesh's Jewellery Shoppe.
 42802 | Orc:4    | Noticed Josephine
 42811 | Orc:4    | Killed Josephine
 43049 | Orc:4    | Noticed Sonja
 43057 | Orc:4    | Killed Sonja
 43083 | Orc:4    | Found a roughly hewn altar of Beogh.
 44180 | D:20     | Entered Level 20 of the Dungeon
 44235 | D:20     | Found a flickering gateway to a bazaar.
 44250 | Bazaar   | Entered a bazaar
 44286 | Bazaar   | Found Utya's Antique Armour Shop.
 44286 | Bazaar   | Found Zyno's Magical Wand Boutique.
 44311 | Bazaar   | Found Woniant's Distillery.
 44311 | Bazaar   | Found Upotanea's Magic Scroll Shop.
 44332 | Bazaar   | Bought a scroll of identify for 22 gold pieces
 44332 | Bazaar   | Bought a scroll of enchant weapon II for 60 gold pieces
 44341 | Bazaar   | Bought a potion of heal wounds for 30 gold pieces
 44341 | Bazaar   | Bought a potion of heal wounds for 30 gold pieces
 44341 | Bazaar   | Bought a potion of magic for 70 gold pieces
 44341 | Bazaar   | Bought a potion of curing for 20 gold pieces
 44341 | Bazaar   | Bought a potion of curing for 20 gold pieces
 44422 | D:20     | Noticed Xtahua
 44434 | D:20     | Killed Xtahua
 44434 | D:20     | Reached skill level 10 in Air Magic
 44764 | D:20     | Received a gift from Okawaru
 44768 | D:20     | Got a pitted leather armour {god gift}
 44864 | D:20     | Identified the +3 leather armour "Aded Sou" {rC+ Dex+1} (Okawaru gifted it to you on level 20 of the Dungeon)
 44967 | D:20     | Noticed Frances
 44988 | D:20     | Killed Frances
 45526 | D:21     | Reached skill level 10 in Spellcasting
 45528 | D:21     | Reached XP level 18. HP: 96/96 MP: 35/35
 46077 | D:21     | Found a one-way gate leading to the halls of Pandemonium.
 46330 | D:21     | Found a gateway to Hell.
 47606 | D:22     | Noticed Margery
 47732 | D:22     | Received a gift from Okawaru
 47737 | D:22     | Got an iridescent crossbow {god gift}
 47769 | D:22     | Identified the crossbow of Winter {god gift, elec, +Inv rElec rF- rN+ MR++ Stlth} (Okawaru gifted it to you on level 22 of the Dungeon)
 48072 | D:22     | Noticed Wiglaf
 48099 | D:22     | Killed Wiglaf
 48136 | D:22     | Noticed Jorgrun
 48303 | D:22     | Killed Margery
 48563 | D:22     | Received a gift from Okawaru
 48566 | D:22     | Got a distressingly furry cloak {god gift}
 48567 | D:22     | Identified the +1 cloak of the Sea {rF+ rC+} (Okawaru gifted it to you on level 22 of the Dungeon)
 48568 | D:22     | JacquesDerrida: wow
 48568 | D:22     | JacquesDerrida: D:
 49524 | D:22     | Noticed Frederick
 49577 | D:22     | Killed Frederick
 50215 | D:22     | Noticed a greater mummy
 50240 | D:22     | Killed a greater mummy
 50240 | D:22     | Reached skill level 15 in Air Magic
 50726 | D:22     | Noticed Mennas
 50992 | D:22     | Reached XP level 19. HP: 100/100 MP: 36/36
 51083 | D:22     | Killed Jorgrun
 51276 | D:22     | Killed Mennas
 51561 | D:23     | Got a bloodstained robe
 51599 | D:22     | Identified the cursed -2 robe of the Stars {rN+} (You found it on level 23 of the Dungeon)
 51747 | D:23     | Received a gift from Okawaru
 51864 | D:23     | Noticed Sojobo
 52204 | D:23     | Killed from afar by Sojobo

Action                   |  1- 3 |  4- 6 |  7- 9 | 10-12 | 13-15 | 16-18 | 19-21 || total
-------------------------+-------+-------+-------+-------+-------+-------+-------++-------
Melee: Short sword       |    56 |       |       |       |       |       |       ||    56
       Dagger            |       |    77 |   192 |   229 |       |       |       ||   498
       Mace              |       |       |       |    97 |   347 |   127 |       ||   571
 Fire: Crossbow          |    15 |    63 |   201 |   701 |  1484 |  1952 |   157 ||  4573
 Cast: Swiftness         |       |       |     1 |    25 |    50 |    60 |     6 ||   142
       Freezing Aura     |       |       |       |    22 |   102 |    80 |     1 ||   205
       Haste             |       |       |       |       |     7 |    21 |     6 ||    34
       Blink             |       |       |       |       |     1 |       |       ||     1
       Fire Brand        |       |       |       |       |       |    64 |    14 ||    78
       Repel Missiles    |       |       |       |       |       |    18 |     3 ||    21
       Regeneration      |       |       |       |       |       |    12 |     2 ||    14
Invok: Heroism           |       |       |     3 |    12 |    17 |    26 |     3 ||    61
       Finesse           |       |       |       |       |       |     1 |       ||     1
 Abil: Fly               |       |       |     2 |     3 |    22 |       |       ||    27
       Stop Flying       |       |       |       |       |       |       |     1 ||     1
Evoke: Wand              |       |       |     5 |    14 |    20 |    14 |       ||    53
       Miscellaneous     |       |       |       |       |     3 |     1 |       ||     4
  Use: Potion            |       |     3 |     2 |    10 |    14 |    15 |     5 ||    49
       Scroll            |       |       |    22 |    15 |    20 |    17 |     5 ||    79
 Stab: Sleeping          |     1 |       |     1 |     3 |     1 |       |       ||     6
